 Dungeon Crawl Stone Soup version 0.28.0-53-g5a82cb258f (webtiles) character file.

Game seed: 16695464945210034635

3765 mortz the Conjurer (level 9, 0/62 HPs)
             Began as a Demigod Conjurer on June 4, 2022.
             Slain by Erica
             ... wielding a +4 scimitar of flaming
              (2 damage)
             ... on level 8 of the Dungeon.
             The game lasted 00:51:10 (10919 turns).

mortz the Conjurer (Demigod Conjurer)              Turns: 10919, Time: 00:51:11

Health: 0/62       AC: 11    Str: 18    XL:     9   Next: 63%
Magic:  5/21       EV: 12    Int: 28    God:
Gold:   178        SH:  5    Dex: 12    Spells: 9/19 levels left

rFire   + . .      SeeInvis .   N - +4 short sword {short}
rCold   . . .      Faith    .   (no shield)
rNeg    . . .      Spirit   .   A - +3 leather armour {rF+}
rPois   .          Reflect  +   y - +0 hat
rElec   .          Harm     .   (no cloak)
rCorr   .          Rampage  .   x - +0 pair of gloves
Will    .....                   (no boots)
Stlth   ++........              j - amulet of reflection
HPRegen 0.20/turn               p - +4 ring of protection
MPRegen 0.17/turn               u - +6 ring of strength

@: about to teleport, slowed, very slow
A: high MP 1, forlorn, divine attributes
a: no special abilities


You were on level 8 of the Dungeon.
You visited 1 branch of the dungeon, and saw 8 of its levels.
You also visited: Sewer.

You collected 442 gold pieces.
You spent 264 gold pieces at shops.


Innate Abilities, Weirdness & Mutations

You have an increased reservoir of magic. (+10% MP)
You shall have no god before yourself.
Your divine heritage dramatically boosts your attributes as you level up.


   Skills:
 - Level 0.2 Fighting
 * Level 3.7 Armour
 + Level 3.6 Dodging
 + Level 4.6 Stealth
 + Level 0.4 Shields
 + Level 5.7 Spellcasting
 + Level 6.7 Conjurations
 * Level 4.6 Translocations
 + Level 3.9 Air Magic
 + Level 3.9 Poison Magic


You had 9 spell levels left.
You knew the following spells:

 Your Spells              Type           Power      Damage    Failure   Level
a - Magic Dart            Conj           100%       1d8       1%          1
b - Searing Ray           Conj           90%        2d7       1%          2
c - Iskenderun's Mystic   Conj/Tloc      40%        2d9       7%          4
d - Mephitic Cloud        Conj/Pois/Air  35%        N/A       3%          3

Your spell library contained the following spells:

 Spells                   Type           Power      Damage    Failure   Level
 Dazzling Flash           Conj/Hex       52%        N/A       5%          3
 Slow                     Hex            32%        N/A       8%          1
 Portal Projectile        Hex/Tloc       42%        N/A       9%          3
 Scorch                   Fire           16%        2d5       11%         2
 Ignite Poison            Fire/Tmut/Pois 15%        N/A       13%         3
 Flame Wave               Conj/Fire      26%        2d7       19%         4
 Fulminant Prism          Conj/Hex       13%        3d9       19%         4
 Call Canine Familiar     Summ           8%         N/A       22%         3
 Summon Guardian Golem    Hex/Summ       8%         N/A       22%         3
 Freezing Cloud           Conj/Ice/Air   14%        6-21      43%         5
 Leda's Liquefaction      Hex/Erth       4%         N/A       58%         4
 Blade Hands              Tmut           4%         N/A       90%         5
 Summon Cactus Giant      Summ           4%         N/A       100%        6

Inventory:

Hand Weapons
 c - a +2 dagger of venom {short}
   (You found it on level 4 of the Dungeon)
 d - a +0 dagger {short}
   (You took it off a goblin on level 1 of the Dungeon)
 o - a +0 short sword {short}
   (You took it off a kobold in a sewer)
 r - a +0 flail {mace}
   (You took it off Terence on level 3 of the Dungeon)
 v - a +0 hand axe of draining {axe}
   (You took it off an orc on level 4 of the Dungeon)
 D - a +0 war axe {axe}
   (You took it off an orc on level 6 of the Dungeon)
 L - a +1 vorpal flail {mace}
   (You took it off a gnoll on level 7 of the Dungeon)
 M - a +1 vorpal spear {polearm}
   (You took it off a gnoll sergeant on level 7 of the Dungeon)
 N - a +4 short sword (weapon) {short}
   (You took it off an orc on level 7 of the Dungeon)
Missiles
 k - 13 poisoned darts {throwing}
Armour
 a - +0 acid dragon scales
   (You found it on level 6 of the Dungeon)
 x - a +0 pair of gloves (worn)
   (You found it on level 4 of the Dungeon)
 y - a +0 hat (worn)
   (You found it on level 4 of the Dungeon)
 A - a +3 leather armour of fire resistance (worn)
   (You bought it in a shop on level 2 of the Dungeon)
 E - +0 gold dragon scales {rare}
   (You took it off an orc on level 6 of the Dungeon)
 P - +0 steam dragon scales
   (You found it on level 8 of the Dungeon)
Jewellery
 j - an amulet of reflection (around neck)
   (You found it on level 2 of the Dungeon)
 p - a +4 ring of protection (left hand)
   (You found it on level 3 of the Dungeon)
 u - a +6 ring of strength (right hand)
   (You found it on level 4 of the Dungeon)
 w - a ring of poison resistance
   (You found it on level 4 of the Dungeon)
 z - a ring of fire
   (You found it on level 5 of the Dungeon)
 I - a ring of positive energy
   (You found it on level 7 of the Dungeon)
 O - an amulet of the acrobat
   (You found it on level 8 of the Dungeon)
Wands
 b - a wand of paralysis (4)
   (You found it on level 6 of the Dungeon)
 B - a wand of flame (15)
   (You took it off an orc on level 6 of the Dungeon)
 C - a wand of mindburst (12)
   (You took it off an orc wizard on level 6 of the Dungeon)
 F - a wand of acid (12)
   (You found it on level 6 of the Dungeon)
Scrolls
 e - 8 scrolls of identify {@r1}
 g - a scroll of fog
 i - 9 scrolls of teleportation {@r4}
 q - 4 scrolls of amnesia {unknown}
 s - a scroll of blinking {unknown}
 t - 2 scrolls of immolation {unknown}
 G - a scroll of magic mapping {unknown}
 Q - a scroll of fear {unknown}
 R - 2 scrolls of enchant weapon {unknown}
Potions
 f - 2 potions of ambrosia
 h - 2 potions of might
 m - 7 potions of flight
 n - 3 potions of curing {@q1}
 H - a potion of degeneration {unknown}
 J - a potion of attraction {unknown}
 K - a potion of brilliance {unknown}
 S - a potion of magic {unknown}

Dungeon Overview and Level Annotations

Branches:
Dungeon (8/15)             Temple (0/1) D:4           Sewer (visited)
   Lair: D:8-11

Shops:
D:1 :   D:2 ?*([

Annotations:
D:8 Erica

.<......##..............##.....#.
##########..............######.#.
.........'........).....# #.#.
##########...#.........{######.##
#...#..#.####.......#...
#...##.#.# #.......####
#...##...# #.......# #
#######..####.......# #
#@{...........# # ######.......##
# #.......# # #.......# #
#.......# # #.......#####
#...........# #.......###.#
#.......# #.#


There were no monsters in sight!


Message History

😕 HP[-8] MP[-1]
You take 8 damage, and now have 54/62 hp.
You lost 1 mp, and now have 16/21 mp.
Casting: Searing Ray (safe; 1% risk of failure)
Confirm with . or Enter, or press ? or * to list all spells.
You can't see any susceptible monsters within range! (Use Z to cast anyway.) Unknown command.
Casting: Searing Ray (safe; 1% risk of failure)
Confirm with . or Enter, or press ? or * to list all spells.
You erupt in a blast of force!
The mystic blast hits something!
You feel yourself slow down. 😕 HP[+1] MP[-4]
You lost 4 mp, and now have 12/21 mp.
Casting: Iskenderun's Mystic Blast (dangerous; 7% risk of failure)
Confirm with . or Enter, or press ? or * to list all spells.
You miscast Iskenderun's Mystic Blast.
You are very lightly contaminated with residual magic.
Nothing appears to happen. 😕 MP[-3]
You lost 3 mp, and now have 9/21 mp.
Casting: Iskenderun's Mystic Blast (dangerous; 7% risk of failure)
Confirm with . or Enter, or press ? or * to list all spells.
You can't see any susceptible monsters within range! (Use Z to cast anyway.) Unknown command.
Casting: Iskenderun's Mystic Blast (dangerous; 7% risk of failure)
Confirm with . or Enter, or press ? or * to list all spells.
Aiming: Searing Ray (safe; 1% risk of failure)
Press: ? - help, Shift-Dir - straight line, f - you (Press . to maintain the ray.)
You hear some strange, mumbled words.
A lance of force appears from out of thin air!
The lance of force hits you!
You are knocked back by the lance of force.
You slam into the rock wall! 😮 HP[-14] MP[-2]
You take 14 damage, and now have 41/62 hp.
MASSIVE DAMAGE!! (PAUSE)
You lost 2 mp, and now have 7/21 mp.
Casting: Searing Ray (safe; 1% risk of failure)
Confirm with . or Enter, or press ? or * to list all spells.
Aiming: Searing Ray (safe; 1% risk of failure)
Press: ? - help, Shift-Dir - straight line (Press . to maintain the ray.) 😮 HP[+1] MP[-2]
You lost 2 mp, and now have 5/21 mp.
You hear some strange, mumbled words.
A bolt of poison appears from out of thin air!
The bolt of poison hits you!
You are poisoned. 😮 HP[-9]
You take 9 damage, and now have 33/62 hp.
You feel very sick.
You hear some strange, mumbled words.
Something tries to affect you, but you resist. 😨 HP[-6] MP[-1]
You take 6 damage, and now have 27/62 hp.
You lost 1 mp, and now have 4/21 mp.
Aiming: Mindburst
Press: ? - help, Q - select action, (/) - cycle Shift-Dir - straight line Something's mind is blasted!
You feel very sick. Something hits you but does no damage.
Your magical contamination has completely faded away. 😨 HP[-4]
You take 4 damage, and now have 23/62 hp.
Aiming: Mindburst
Press: ? - help, Q - select action, (/) - cycle Shift-Dir - straight line Nothing appears to happen.
You feel very sick.
Something hits you but does no damage. 😨 HP[-2]
You take 2 damage, and now have 21/62 hp.
Aiming: Corrosive Bolt
Press: ? - help, Q - select action, (/) - cycle Shift-Dir - straight line You feel sick.
Something hits you!
* * * LOW HITPOINT WARNING * * *
Something hits you.
* * * LOW HITPOINT WARNING * * *
😱 HP[-16] MP[+1]
You take 16 damage, and now have 5/62 hp.
MASSIVE DAMAGE!! (PAUSE)
You feel much better.
You feel sick. Something hits you.
* * * LOW HITPOINT WARNING * * *
Something burns you.
* * * LOW HITPOINT WARNING * * *
😨 HP[+14]
You regained 14 hp, and now have 19/62 hp.
As you read the scroll of teleportation {@r4}, it crumbles to dust.
You feel strangely unstable.
You feel sick. Something hits you.
* * * LOW HITPOINT WARNING * * *
You block something's attack. 😨 HP[-3]
You take 3 damage, and now have 16/62 hp.
You hit something.
You feel sick.
You are no longer poisoned.
Something hits you!
* * * LOW HITPOINT WARNING * * *
Something burns you.
You die...

Skill      XL: |  1  2  3  4  5  6  7  8  9 |
---------------+----------------------------+-----
Conjurations   | 4 5 6 |  6.7
Spellcasting   | 2 3 4 5 |  5.7
Stealth        | 2 3 4 |  4.6
Armour         | 1 2 3 |  3.7
Dodging        | 2 3 |  3.6
Translocations | 1 2 4 |  4.6
Air Magic      | 1 2 3 |  3.9
Poison Magic   | 1 2 3 |  3.9
Fighting       | |  0.2
Shields        | |  0.4

Action                   |  1- 3 |  4- 6 |  7- 9 || total
-------------------------+-------+-------+-------++-------
Melee: Unarmed           |     8 |       |       ||     8
       Dagger            |     4 |       |    20 ||    24
       Punch             |       |       |     1 ||     1
       Short sword       |       |       |     5 ||     5
Throw: Dart              |       |       |     8 ||     8
 Cast: Magic Dart        |    53 |    62 |    62 ||   177
       Searing Ray       |    14 |    38 |    72 ||   124
       Iskenderun's Myst |       |       |     7 ||     7
       Mephitic Cloud    |       |       |     1 ||     1
Evoke: Wand              |       |       |     3 ||     3
  Use: Scroll            |     1 |       |     3 ||     4
       Potion            |       |       |     1 ||     1
Armor: Leather armour    |     2 |     8 |    33 ||    43
       Gold dragon scale |       |       |     5 ||     5
Dodge: Dodged            |    15 |    13 |    35 ||    63
Block: Other             |       |     5 |    14 ||    19
       Reflection        |       |       |     1 ||     1

Levels and vault maps discovered:
D:1:      dpeg_arrival_stone_temple_mockup, layout_rooms,
          dilly_ecumenical_altar_fadedgnrine, serial_shops, shop_fountains
D:2:      layout_loops_ring, serial_shops, nicolae_shop_hallway_stairs, shop,
          nicolae_shop_trees, nicolae_shop_advertising_works
          [nicolae_subvault_shop_adworks]
D:3:      minmay_skewed_foursquare, layout_loops_ring, portal_sewer_entry_f,
          minmay_fountain_box, nicolae_figureground_sparkle, uniq_terence
D:4:      layout_gridville, tso_altar, minmay_temple_entry_junction
D:5:      layout_basic, small_statue_intersection,
          nicolae_concentric_dashed_squares_wild
D:6:      layout_basic
D:7:      layout_loops_ring, moated_statue, chequers_serial_rivers_room_a
D:8:      layout_basic, uniq_erica

Notes
Turn   | Place    | Note
-------+----------+-------------------------------------------
     0 | D:1      | mortz the Demigod Conjurer began the quest for the Orb.
     0 | D:1      | Reached XP level 1. HP: 14/14 MP: 5/5
     0 | D:1      | magus.rc [v1.9.6]
   538 | D:1      | Reached skill level 4 in Conjurations
   538 | D:1      | Reached XP level 2. HP: 20/20 MP: 5/7
   541 | D:1      | Learned a level 2 spell: Searing Ray
   592 | D:1      | Reached skill level 2 in Spellcasting
   613 | D:1      | Found Gitot's Book Shop.
   713 | D:1      | You add the spells Slow, Summon Guardian Golem and Blade
                  | Hands to your library.
   713 | D:1      | Got Omasir's Handbook of Captivating Transmigration {@e2}
   782 | D:1      | Reached skill level 2 in Stealth
   946 | D:1      | You add the spells Ignite Poison, Mephitic Cloud and
                  | Freezing Cloud to your library.
  1147 | D:1      | Reached XP level 3. HP: 26/26 MP: 6/8
  1288 | D:2      | Found Hudaupreyl's General Store.
  1296 | D:2      | Bought a scroll of identify for 24 gold pieces
  1489 | D:2      | Found Rimmi's Weapon Shoppe.
  1535 | D:2      | Found Roticwuj's Armour Shoppe.
  1621 | D:2      | Found Fuelyor's Magic Scroll Shoppe.
  2167 | D:3      | Noticed Terence
  2255 | D:3      | Reached XP level 4. HP: 32/33 MP: 1/10
  2538 | D:3      | You pick up a book of Scorching and begin reading...
  2538 | D:3      | You add the spells Scorch, Flame Wave and Summon Cactus
                  | Giant to your library.
  2566 | D:3      | Found a glowing drain.
  2624 | Sewer    | Entered a sewer
  2633 | Sewer    | Reached skill level 1 in Armour
  2838 | Sewer    | Noticed a kobold brigand
  2908 | Sewer    | Killed a kobold brigand
  2909 | Sewer    | Reached XP level 5. HP: 38/38 MP: 2/12
  3496 | D:3      | Reached skill level 3 in Spellcasting
  3773 | D:3      | Reached skill level 3 in Stealth
  4328 | D:3      | Killed Terence
  4329 | D:3      | Reached XP level 6. HP: 40/45 MP: 4/14
  4515 | D:4      | Found a staircase to the Ecumenical Temple.
  4544 | D:4      | Reached skill level 2 in Armour
  4544 | D:4      | Reached skill level 5 in Conjurations
  4743 | D:4      | Learned a level 4 spell: Iskenderun's Mystic Blast
  4747 | D:4      | Learned a level 3 spell: Mephitic Cloud
  4812 | D:4      | Reached skill level 2 in Dodging
  5198 | D:4      | Reached skill level 1 in Translocations
  5198 | D:4      | Reached skill level 1 in Air Magic
  5198 | D:4      | Reached skill level 1 in Poison Magic
  5307 | D:4      | Reached XP level 7. HP: 50/50 MP: 8/16
  5370 | D:4      | Reached skill level 4 in Spellcasting
  5949 | D:5      | Entered Level 5 of the Dungeon
  5957 | D:5      | Reached skill level 2 in Translocations
  5957 | D:5      | Reached skill level 2 in Air Magic
  5957 | D:5      | Reached skill level 2 in Poison Magic
  6561 | D:5      | Reached XP level 8. HP: 57/57 MP: 7/17
  6887 | D:2      | Bought a +3 leather armour of fire resistance for 240 gold
                  | pieces
  7264 | D:5      | magus.rc [v1.9.6]
  7342 | D:6      | Reached skill level 4 in Stealth
  7342 | D:6      | Reached skill level 3 in Translocations
  7499 | D:6      | Reached skill level 3 in Air Magic
  7499 | D:6      | Reached skill level 3 in Poison Magic
  7592 | D:6      | Reached skill level 3 in Dodging
  7727 | D:6      | Identified +0 gold dragon scales
  7933 | D:6      | E - +0 gold dragon scales {rare}
  7944 | D:6      | You finish putting on your +0 gold dragon scales {rare}.
  8203 | D:6      | You finish taking off your +0 gold dragon scales {rare}.
  8369 | D:6      | Reached skill level 4 in Translocations
  8369 | D:6      | Reached XP level 9. HP: 55/62 MP: 4/19
  8473 | D:6      | You finish putting on your +0 gold dragon scales {rare}.
  8478 | D:6      | You finish taking off your +0 gold dragon scales {rare}.
  8979 | D:7      | You pick up a book of the Hunter and begin reading...
  8979 | D:7      | You add the spells Call Canine Familiar, Portal Projectile
                  | and Leda's Liquefaction to your library.
  9047 | D:7      | Reached skill level 5 in Spellcasting
  9237 | D:7      | Reached skill level 3 in Armour
  9237 | D:7      | Reached skill level 6 in Conjurations
 10437 | D:8      | Noticed Erica
 10916 | D:8      | HP: 11/62 [something (8)]
 10916 | D:8      | HP: 5/62 [something (6)]
 10919 | D:8      | HP: 2/62 [something (12)]
 10919 | D:8      | Slain by Erica

Vanquished Creatures
  A hornet (D:7)
  5 yaks (D:6)
  A steam dragon (D:8)
  An acid dragon (D:6)
  2 water moccasins (D:8)
  An ice beast (D:8)
  4 sky beasts
  A necrophage (D:7)
  2 ogres
  A centaur (D:7)
  4 phantoms
  A kobold brigand (Sewer)
  3 bullfrogs
  2 scorpions
  A gnoll sergeant (D:7)
  A water moccasin skeleton (D:5)
  3 hounds
  2 bullfrog zombies
  3 jellies
  5 orc priests
  A centaur skeleton (D:6)
  Terence (D:3)
  4 iguanas
  3 orc wizards
  2 hound skeletons (D:4)
  5 gnolls (D:7)
  3 adders
  A howler monkey skeleton (D:7)
  A river rat (Sewer)
  A shadow imp (D:7)
  An ufetubus (D:3)
  3 adder skeletons (D:4)
  2 worms (D:3)
  4 dart slugs
  18 orcs
  8 ball pythons
  7 endoplasms
  8 giant cockroaches
  8 goblins
  10 hobgoblins
  2 jackals (Sewer)
  4 quokkas
  7 bats
  A frilled lizard (D:3)
  5 kobolds
  6 rats
160 creatures vanquished.

Vanquished Creatures (others)
  4 plants (D:1)
4 creatures vanquished.

Grand Total: 164 creatures vanquished

Table legend:
 A = Non-vault XP
 B = Vault XP
 C = Vault XP percentage of total XP
 D = Non-vault monster count
 E = Vault monster count
 F = Vault count percentage of total count
                 A         B        C        D         E       F
            +---------+---------+-------+---------+---------+-------
      Total |    5187 |     192 |   3.6 |     138 |      22 |  13.8
            +---------+---------+-------+---------+---------+-------
        D:1 |      52 |       0 |   0.0 |      29 |       0 |   0.0
        D:2 |      13 |       0 |   0.0 |       6 |       0 |   0.0
        D:3 |     208 |      73 |  26.0 |      18 |      13 |  41.9
        D:4 |     765 |       0 |   0.0 |      33 |       0 |   0.0
        D:5 |     685 |       0 |   0.0 |      11 |       0 |   0.0
        D:6 |    1642 |       0 |   0.0 |      18 |       0 |   0.0
        D:7 |    1133 |       0 |   0.0 |      18 |       0 |   0.0
        D:8 |     689 |       0 |   0.0 |       5 |       0 |   0.0
      Sewer |       0 |     119 | 100.0 |       0 |       9 | 100.0
            +---------+---------+-------+---------+---------+-------

Illustrated notes

Table legend:
 A = Kills in this place as a percentage of kills in entire the game.
 B = Kills by you in this place as a percentage of kills by you in the entire game.
 C = Kills by friends in this place as a percentage of kills by friends in the entire game.
 D = Other kills in this place as a percentage of other kills in the entire game.
 E = Experience gained in this place as a percentage of experience gained in the entire game.
 F = Experience gained in this place divided by the number of levels of this place that you have seen.
                   A       B       C       D       E      F
               +-------+-------+-------+-------+-------+----------------------
         Total | 100.0 | 100.0 |   N/A |   N/A | 100.0 | 597.7
       Dungeon |  94.4 |  94.4 |   N/A |   N/A |  97.8 | 657.5
         Sewer |   5.6 |   5.6 |   N/A |   N/A |   2.2 | 119.0
               +-------+-------+-------+-------+-------+----------------------

Table legend: (Time is in decaauts)
 A = Elapsed time spent in this place.
 B = Non-inter-level travel time spent in this place.
 C = Inter-level travel time spent in this place.
 D = Time resting spent in this place.
 E = Time spent auto-exploring this place.
 F = Levels seen in this place.
 G = Mean time per level.
                   A        B        C        D        E       F      G
               +--------+--------+--------+--------+--------+-----+--------+
         Total |  11019 |  10608 |    411 |   1627 |   7178 |   9 | 1224.3 |
       Dungeon |  10424 |  10013 |    411 |   1469 |   7081 |   8 | 1303.0 |
         Sewer |    594 |    594 |      0 |    158 |     97 |   1 |  594.0 |
               +--------+--------+--------+--------+--------+-----+--------+

Top non-repeatable levels by time:
     D:3: 1803 daAuts
     D:6: 1615 daAuts
     D:4: 1559 daAuts
     D:1: 1284 daAuts
     D:7: 1194 daAuts
     D:5: 1134 daAuts
     D:2: 993 daAuts
     D:8: 840 daAuts
   Sewer: 594 daAuts
